 Dungeon Crawl Stone Soup version 0.30-a0-652-gcc886f7154 (webtiles) character file.

Game seed: 13531377990879724676

65 ragingrage the Ruffian (level 4, -1/31 HPs)
             Began as an Octopode Berserker on Jan 17, 2023.
             Was a Believer of Trog.
             Constricted to death by Ijyb (5 damage)
             ... on level 3 of the Dungeon.
             The game lasted 00:02:17 (2153 turns).

ragingrage the Ruffian (Octopode Berserker)         Turns: 2153, Time: 00:02:17

Health: -1/31      AC:  1    Str: 21    XL:     4   Next: 14%
Magic:  4/4        EV: 10    Int:  9    God:    Trog [**....]
Gold:   66         SH:  0    Dex: 13    Spells: 3/3 levels left

rFire   . . .      SeeInvis +    m - +1 dagger (elec)
rCold   . . .      Faith    .    (no shield)
rNeg    . . .      Spirit   .    (helmet restricted)
rPois   .          Reflect  .    (no amulet)
rElec   .          Harm     .    l - ring "Mecw" {Str+5 SInv}
rCorr   .          Rampage  .    (no ring)
Will    ++...                    (no ring)
Stlth   +++                      (no ring)
HPRegen 1.25/turn                (no ring)
MPRegen 0.09/turn                (no ring)
                                 (no ring)
                                 (no ring)

@: grasped by roots, strong-willed, regenerating, constricted
A: almost no armour, amphibious, 8 rings, camouflage 1, gelatinous body 1,
(nimble swimmer 1), tentacles
a: Renounce Religion, Berserk, Trog's Hand


You were on level 3 of the Dungeon.
You worshipped Trog.
Trog was pleased with you.
You visited 1 branch of the dungeon, and saw 3 of its levels.

You collected 66 gold pieces.

Inventory:

Hand Weapons
 m - a +1 dagger of electrocution (weapon)
Jewellery
 l - the ring "Mecw" (left tentacle) {Str+5 SInv}
   (You found it on level 3 of the Dungeon)

   [ring of see invisible]

   Str:       It affects your strength (+5).
   SInv:      It lets you see invisible.
Scrolls
 b - 3 scrolls of teleportation
 c - a scroll of poison {unknown}
 e - a scroll of identify
 f - 2 scrolls of enchant weapon
 i - a scroll of vulnerability {unknown}
 k - a scroll of immolation {unknown}
Potions
 a - a potion of berserk rage {unknown}
 g - 2 potions of heal wounds
 h - a potion of invisibility {unknown}
 j - a potion of curing {unknown}


   Skills:
 - Level 3.0 Fighting
 + Level 2.1 Short Blades
 - Level 3.0 Dodging
 + Level 3.2 Stealth
 - Level 3.4 Unarmed Combat


You had 3 spell levels left.
You didn't know any spells.
Your spell library was empty.

Dungeon Overview and Level Annotations

Branches:
Dungeon (3/15)

Altars:
Makhleb

Annotations:
D:2 Robin
D:3 Ijyb


Innate Abilities, Weirdness & Mutations

You cannot wear most types of armour.
You are amphibious.
You can wear up to eight rings at the same time.
Your skin changes colour to match your surroundings (Stealth+).
Your rubbery body absorbs attacks. (AC +1, EV +1)
((You are camouflaged when in or above water. (Stealth+)))
You have tentacles for arms and can constrict up to eight enemies at once.


Message History

The adder hisses angrily.
You hear a shout!
Ijyb the Twisted Goblin comes into view.
She is wielding a +0 club and carrying a wand of roots (11).
You closely miss the adder. Your grab misses the adder. The adder bites you.
You miss the adder. Your grab misses the adder. The adder misses you.
The adder closely misses you.
You closely miss the adder. Your grab misses the adder. You squeeze the adder.
The adder is lightly wounded.
Ijyb zaps a wand.
The roots erupt in riotous growth!
The adder is unaffected.
The grasping roots grab you! The grasping roots constrict you.
The adder bites you.
Your skin crawls.
You feel strong-willed. The adder closely misses you.
The grasping roots constrict you.
You fail to use your ability.
The adder bites you. The grasping roots constrict you.
You closely miss the adder. You grab the adder. You squeeze the adder!
The adder is almost dead.
You constrict the adder.
You kill the adder!
Trog accepts your kill. Ijyb screams, "I no like you!"
The grasping roots constrict you.
* * * LOW HITPOINT WARNING * * *
The grasping roots release their grip on you.
You have reached level 4!
Ijyb hits you with a +0 club.
* * * LOW HITPOINT WARNING * * *
You hit Ijyb. Your grab misses Ijyb. You squeeze Ijyb.
Ijyb is moderately wounded.
Ijyb hits you with a +0 club.
* * * LOW HITPOINT WARNING * * *
You hit Ijyb but do no damage. Your grab misses Ijyb. You squeeze Ijyb!
Ijyb is severely wounded.
Ijyb closely misses you.
You closely miss Ijyb. Your grab misses Ijyb.
Ijyb is severely wounded.
Ijyb zaps a wand.
The roots erupt in riotous growth!
The grasping roots grab you!
Ijyb is unaffected.
The grasping roots constrict you.
You die...

#.#
#.............
#.#
#.............
#.#
#.............
#.#
#.............
#.#
#>............
#.#
#.............
#.#
#.............
#.#
#.............
#@#
#############.
#g# #. #.# ##
#.# #.# #.# .
#.# ##.. #.#
..g..
#.####......


You could see Ijyb.

Vanquished Creatures
  2 adders
  An orc (D:3)
  3 endoplasms (D:1)
  A giant cockroach (D:2)
  7 goblins
  3 hobgoblins (D:1)
  4 jackals (D:1)
  4 quokkas
  4 ball pythons
  6 bats
  2 frilled lizards
  2 kobolds (D:3)
  A rat (D:3)
40 creatures vanquished.

Notes
Turn   | Place    | Note
-------+----------+-------------------------------------------
     0 | D:1      | ragingrage the Octopode Berserker began the quest for the
                  | Orb.
     0 | D:1      | Reached XP level 1. HP: 16/16 MP: 1/1
   296 | D:1      | Reached XP level 2. HP: 20/21 MP: 2/2
   333 | D:1      | Reached skill level 1 in Stealth
   534 | D:1      | Reached skill level 1 in Short Blades
   617 | D:1      | Reached XP level 3. HP: 24/26 MP: 3/3
  1043 | D:2      | Found a faded altar of an unknown god.
  1235 | D:2      | Reached ** piety under Trog
  1492 | D:2      | Noticed Robin
  1588 | D:3      | Found a burning altar of Makhleb.
  1696 | D:3      | Identified the ring "Mecw" {Str+5 SInv}
  2131 | D:3      | Noticed Ijyb
  2150 | D:3      | Reached XP level 4. HP: 8/31 MP: 4/4
  2153 | D:3      | Constricted to death by Ijyb

Illustrated notes

Levels and vault maps discovered:
D:1:      scummos_arrival_star, layout_loops_ring
D:2:      layout_loops_corners, basic_ecumenical_altar, minmay_liquid_box,
          minmay_hexomino_u4, uniq_robin
D:3:      layout_basic, old_standard_altar, mainiacjoe_overflow_catwalk_spiral,
          corner_web_ring, st_stairs_14, kennysheep_pointless_box,
          lemuel_flame_loot_1, uniq_ijyb

Skill      XL: |  1  2  3 |
---------------+----------+-----
Stealth        | 2 3 |  3.2
Short Blades   | 1 2 |  2.1
Fighting       | |  3.0
Dodging        | |  3.0
Unarmed Combat | |  3.4

Action                   |  1- 3 |  4- 6 || total
-------------------------+-------+-------++-------
Melee: Unarmed           |     7 |       ||     7
       Dagger            |    74 |     3 ||    77
       Tentacles         |    14 |     2 ||    16
       Constrict         |    20 |       ||    20
       Punch             |     3 |       ||     3
Invok: Trog's Hand       |     1 |       ||     1
  Use: Scroll            |     4 |       ||     4
 Stab: Sleeping          |     7 |       ||     7
Armor: Skin              |     4 |       ||     4
Dodge: Dodged            |    54 |     1 ||    55

Table legend: (Time is in decaauts)
 A = Elapsed time spent in this place.
 B = Non-inter-level travel time spent in this place.
 C = Inter-level travel time spent in this place.
 D = Time resting spent in this place.
 E = Time spent auto-exploring this place.
 F = Levels seen in this place.
 G = Mean time per level.
                   A        B        C        D        E       F      G
               +--------+--------+--------+--------+--------+-----+--------+
         Total |   2146 |   2024 |    122 |    281 |   1412 |   3 |  715.3 |
       Dungeon |   2146 |   2024 |    122 |    281 |   1412 |   3 |  715.3 |
               +--------+--------+--------+--------+--------+-----+--------+

Top non-repeatable levels by time:
     D:1: 1012 daAuts
     D:3: 572 daAuts
     D:2: 561 daAuts
